 Dungeon Crawl Stone Soup version 0.31-a0-1424-g2add1c7226 (webtiles) character file.

Game seed: 12783878849811689148

81 Ofeo the Changeling (level 4, -4/61 HPs)
             Began as an Oni Shapeshifter on Dec 26, 2023.
             Slain by an ogre
             ... wielding a +0 giant spiked club
              (14 damage)
             ... on level 4 of the Dungeon.
             The game lasted 00:03:32 (2811 turns).

Ofeo the Changeling (Oni Shapeshifter)              Turns: 2811, Time: 00:03:33

Health: -4/61      AC: 22    Str: 18    XL:     4   Next: 42%
Magic:  4/4        EV:  1    Int: 11    God:
Gold:   42         SH:  0    Dex: 10    Spells: 3/3 levels left

rFire   . . .        b - +0 spear (venom)
rCold   . . .        (no shield)
rNeg    . . .        a - melded +0 animal skin
rPois   +            (helmet currently unavailable)
rElec   .            (cloak currently unavailable)
rCorr   .            (gloves unavailable)
SInv    .            (boots unavailable)
Will    .....        (no amulet)
Stlth   +            (no ring)
HPRegen 0.30/turn    (no ring)
MPRegen 0.09/turn

%: no passive effects
@: tree-form
A: stationary, stasis, torment immunity, boosted hp, large, unfitting armour,
(horns 1), (tough skin 1), double potion healing, drunken brawling
a: no special abilities


You were on level 4 of the Dungeon.
You were a tree.
You visited 1 branch of the dungeon, and saw 4 of its levels.

You collected 42 gold pieces.

Inventory:

Hand Weapons
 b - a +0 spear of venom (weapon)
Missiles
 m - 10 poisoned darts (quivered)
Armour
 a - a +0 animal skin (melded)
Jewellery
 f - a ring of poison resistance
Talismans
 c - a beast talisman
 d - a flux talisman
Scrolls
 e - a scroll of enchant armour {unknown}
 g - 2 scrolls of immolation
 h - a scroll of fog
Potions
 i - 2 potions of brilliance {unknown}
 j - 2 potions of heal wounds {unknown}
 k - 2 potions of curing {unknown}
 I - 2 potions of invisibility


   Skills:
 - Level 1.6 Fighting
 + Level 2.7 Dodging
 - Level 2.7 Unarmed Combat
 * Level 4.2 Shapeshifting


You had 3 spell levels left.
You didn't know any spells.
Your spell library contained the following spells:

 Spells                   Type           Power      Damage    Failure   Level
 Simulacrum               Ice/Necr       0%         N/A       100%        6
 Ozocubu's Refrigeration  Ice            0%         4d7       100%        7
 Polar Vortex             Ice            0%         N/A       100%        9


Dungeon Overview and Level Annotations

Branches:
Dungeon (4/15)
 Temple: D:4-7

Altars:
Okawaru

Shops:
D:3 (

Portals:
Sewer: D:4

Annotations:
D:3 Grinder


Innate Abilities, Weirdness & Mutations

You are a tree.
Your roots penetrate the ground, keeping you stationary.
You cannot be teleported.
You are immune to unholy pain and torment.
Your maximum health is greatly increased.
Your equipment is partially melded.
You are too large for most types of armour.
((You have a pair of small horns on your head.))
((You have tough skin. (AC +1)))
You gain doubled healing and magic from potions.
Whenever you drink a healing potion, you attack all around you.


Message History

Your transformation has ended.
You turn into a tree.
Your +0 animal skin melds into your body.
Your roots penetrate the ground.
The ball python bites you but does no damage.
You now have 33/61 hp.
You hit the ogre.
The ogre is poisoned.
The ogre is lightly wounded.
The ball python barely misses you.
The ball python bites you but does no damage.
The ogre hits you with a +0 giant spiked club!!
* * * LOW HITPOINT WARNING * * *
You take 20 damage, and have 13/61 hp.
MASSIVE DAMAGE!!
You hit the ogre.
The ogre looks as sick as possible!
The ogre is moderately wounded.
The ball python bites you but does no damage.
You hit the ogre.
The ogre is heavily wounded.
The ball python bites you but does no damage.
The ogre hits you but does no damage.
You hit the ogre.
The ogre looks as sick as possible!
The ogre is severely wounded.
The ball python bites you but does no damage.
The ogre hits you with a +0 giant spiked club.
* * * LOW HITPOINT WARNING * * *
The ball python bites you.
* * * LOW HITPOINT WARNING * * *
You take 4 damage, and have 9/61 hp.
You hit the ogre but do no damage.
The ogre is severely wounded.
The ball python bites you but does no damage.
The ogre hits you but does no damage.
You barely miss the ogre.
The ogre is severely wounded.
The ball python completely misses you.
You barely miss the ogre.
The ogre is severely wounded.
The ball python bites you but does no damage.
The ogre hits you with a +0 giant spiked club!
You die...

#..#~~~#.# #.##
..#~~~#.# #....
..#~∩~#.#
#.#.##.#~~~#.#
#.....#B~~#.#
#....##+##.#
#.##..#O..)..$##
#......$♣S.....#
####..#<#####.##
#. #.# # #.# #.#
#.. ... ###


You could see an ogre (extremely poisoned), a giant cockroach and a ball python.

Vanquished Creatures
  3 adders (D:2)
  A worm (D:2)
  2 dart slugs
  An orc (D:3)
  4 ball pythons
  4 bats
  5 endoplasms
  2 giant cockroaches
  A goblin (D:2)
  3 hobgoblins
  2 jackals (D:3)
  2 kobolds
  A quokka (D:1)
  5 frilled lizards
  9 rats
45 creatures vanquished.

Notes
Turn   | Place    | Note
-------+----------+-------------------------------------------
     0 | D:1      | Ofeo the Oni Shapeshifter began the quest for the Orb.
     0 | D:1      | Reached XP level 1. HP: 19/19 MP: 1/1
    98 | D:1      | You fall into a shaft and drop 1 floor!
   143 | D:1      | Reached XP level 2. HP: 25/27 MP: 2/2
   939 | D:2      | Reached XP level 3. HP: 6/33 MP: 3/3
  1602 | D:2      | Reached skill level 4 in Shapeshifting
  1602 | D:2      | Reached XP level 4. HP: 41/41 MP: 4/4
  2306 | D:3      | Found Wuroxa's Weapon Shop.
  2622 | D:3      | Found an iron altar of Okawaru.
  2646 | D:3      | Noticed Grinder
  2647 | D:3      | Paralysed by Grinder for 3 turns
  2657 | D:3      | Paralysed by Grinder for 4 turns
  2800 | D:4      | Found a glowing drain.
  2801 | D:4      | Noticed an ogre
  2811 | D:4      | Slain by an ogre

Illustrated notes

Levels and vault maps discovered:
D:1:      nagdon_arrival_double_spiral, layout_basic, serial_bayou_lagoon_b
D:2:      layout_basic, nicolae_concentric_dashed_squares_wild,
          minmay_pentomino_s2
D:3:      layout_loops_ring, mainiacjoe_overflow_concentric_impassable,
          serial_shops, shop, shop, serial_bayou_lake_a, uniq_grinder
D:4:      layout_loops_ring, nicolae_overflow_hidden_temple, temple_pool_b,
          gup_sewer_entry_glass, hangedman_decor_riveting, serial_bayou_pond_e,
          roderic_batcave

Skill      XL: |  1  2  3 |
---------------+----------+-----
Dodging        | 2 |  2.7
Shapeshifting  | 4 |  4.2
Fighting       | |  1.6
Unarmed Combat | |  2.7

Action                     |  1- 3 |  4- 6 || total
---------------------------+-------+-------++-------
  Melee: Unarmed           |    12 |       ||    12
         Spear             |    82 |    36 ||   118
         Headbutt          |    11 |     2 ||    13
  Throw: Dart              |       |     1 ||     1
    Use: Scroll            |     5 |       ||     5
         Potion            |       |     1 ||     1
   Stab: Sleeping          |     1 |       ||     1
 Armour: Animal skin       |    40 |     9 ||    49
         Skin              |       |    13 ||    13
  Dodge: Dodged            |    36 |     7 ||    43

Table legend: (Time is in decaauts)
 A = Elapsed time spent in this place.
 B = Non-inter-level travel time spent in this place.
 C = Inter-level travel time spent in this place.
 D = Time resting spent in this place.
 E = Time spent auto-exploring this place.
 F = Levels seen in this place.
 G = Mean time per level.
                   A        B        C        D        E       F      G
               +--------+--------+--------+--------+--------+-----+--------+
         Total |   2823 |   2635 |    188 |      0 |   2270 |   4 |  705.8 |
       Dungeon |   2823 |   2635 |    188 |      0 |   2270 |   4 |  705.8 |
               +--------+--------+--------+--------+--------+-----+--------+

Top non-repeatable levels by time:
     D:2: 1385 daAuts
     D:1: 890 daAuts
     D:3: 535 daAuts
     D:4: 11 daAuts
